 Dungeon Crawl Stone Soup version 0.31-a0-174-g85c54bcb58 (webtiles) character file.

Game seed: 15252347912260089700

81 qw the Shooter (level 4, 0/40 HPs)
             Began as a Naga Hunter on June 15, 2023.
             Killed by divine providence
             ... invoked by an orc priest
              (8 damage)
             ... on level 3 of the Dungeon.
             The game lasted 00:00:36 (1755 turns).

qw the Shooter (Naga Hunter)                        Turns: 1755, Time: 00:00:37

Health: 0/40       AC:  4    Str: 14    XL:     4   Next: 40%
Magic:  4/4        EV:  9    Int:  9    God:
Gold:   138        SH:  0    Dex: 16    Spells: 3/3 levels left

rFire   . . .        Y - +1 shortbow (chaos)
rCold   . . .        (shield currently unavailable)
rNeg    . . .        c - +0 leather armour
rPois   +            l - +1 hat
rElec   .            (no cloak)
rCorr   .            o - +0 pair of gloves
SInv    +            (no barding)
Will    .....        (no amulet)
Stlth   ++           (no ring)
HPRegen 0.26/turn    (no ring)
MPRegen 0.09/turn

%: no passive effects
@: about to teleport, short of breath, very slow
A: AC +1, large, see invisible, deformed body, poison resistance, slowness 2,
spit poison 1, naga tail 1
a: Spit Poison


You were on level 3 of the Dungeon.
You visited 1 branch of the dungeon, and saw 3 of its levels.

You collected 138 gold pieces.


Innate Abilities, Weirdness & Mutations

Your serpentine skin is tough. (AC +1)
You have supernaturally acute eyesight. (SInv)
Armour fits poorly on your strangely shaped body.
Your system is resistant to poisons. (rPois)
You cover ground very slowly.
You can spit poison.
You have a snake-like lower body.


   Skills:
 + Level 2.6 Fighting
 - Level 5.0 Ranged Weapons
 - Level 1.5 Dodging
 - Level 1.5 Stealth


You had 3 spell levels left.
You didn't know any spells.
Your spell library was empty.

Inventory:

Hand Weapons
 Y - a +1 shortbow of chaos (weapon)
Armour
 c - a +0 leather armour (worn)
 l - a +1 hat (worn)
 o - a +0 pair of gloves (worn)
Jewellery
 f - a ring of fire
Scrolls
 a - a scroll of teleportation
 b - a scroll of blinking {unknown}
 i - a scroll of identify {unknown}
Potions
 d - a potion of curing
 e - a potion of might {unknown}
 g - a potion of heal wounds {unknown}
 h - a potion of degeneration {unknown}
 j - a potion of invisibility {unknown}

Dungeon Overview and Level Annotations

Branches:
Dungeon (3/15)

Altars:


Message History

You shoot an arrow.
The arrow closely misses the orc wizard.
The arrow hits the orc priest.
The arrow burns the orc priest.
The orc priest is heavily wounded.
You have got your breath back.
1749 ||| INVOKING Spit Poison.
Aiming: Spit Poison (2% risk of failure)
Press: ? - help, Shift-Dir - straight line, f/p - orc wizard The splash of poison hits the orc wizard!
The orc wizard is severely wounded.
You shoot an arrow. The arrow hits the orc wizard.
The orc wizard looks even sicker.
The orc wizard is severely wounded.
The orc wizard hits you with a +0 dagger.
You shoot an arrow. The arrow hits the orc wizard!
You kill the orc wizard!
You have reached level 4!
You feel stronger.
You shoot an arrow.
The arrow hits the orc priest but does no damage.
The orc priest is heavily wounded.
You have got your breath back.
The orc priest hits you with a +0 short sword.
The orc priest hits you but does no damage.
1753 ||| INVOKING Spit Poison.
Aiming: Spit Poison (1% risk of failure)
Press: ? - help, Shift-Dir - straight line, f/p - orc priest The splash of poison misses the orc priest.
The splash of poison hits the orc.
The orc is poisoned.
The orc is lightly wounded.
The orc priest hits you with a +0 short sword.
1754 ||| READING 2 scrolls of teleportation.
As you read the scroll of teleportation, it crumbles to dust.
You feel strangely unstable. The orc priest closely misses you.
You shoot an arrow. The arrow barely misses the orc priest.
The arrow hits the orc!
You feel better.
You kill the orc!
The orc priest calls down the wrath of Beogh upon you.
Beogh smites you!
You die...

####### ###
#.....# #>###
#.....# #...#
#.....#
#...#####.....#
#Z.....##.....# ##
#@#..#.##.....###.
#o##............'.
#)####..#.....###.
#.# ##.####### ##
..# #.## ..#
....##### ).#
..#.....# ...#
...#.....#
...#.....#


You could see an orc priest (ally target) and a friendly orc zombie.

Vanquished Creatures
  An orc wizard (D:3)
  4 worms (D:2)
  3 dart slugs (D:2)
  3 orcs (D:3)
  An endoplasm (D:1)
  A giant cockroach (D:2)
  2 hobgoblins (D:3)
  3 jackals (D:1)
  5 kobolds
  A quokka (D:1)
  2 ball pythons
  3 bats
  A frilled lizard (D:1)
  4 goblins
  4 rats
  A spectral hobgoblin (D:2)
39 creatures vanquished.

Notes
Turn   | Place    | Note
-------+----------+-------------------------------------------
     0 | D:1      | qw the Naga Hunter began the quest for the Orb.
     0 | D:1      | Reached XP level 1. HP: 19/19 MP: 1/1
     0 | D:1      | 0 ||| qw: Version: 0.2-a-29-g511e9b1
     0 | D:1      | 0 ||| qw: Game counter: 5534
     0 | D:1      | 0 ||| qw: Always use a shield: true
     0 | D:1      | 0 ||| qw: God list: Okawaru
     0 | D:1      | 0 ||| qw: Allow faded altars: false
     0 | D:1      | 0 ||| qw: Do Orc after D:15 true
     0 | D:1      | 0 ||| qw: Do second Lair branch before Depths: true
     0 | D:1      | 0 ||| qw: Lair rune preference: random
     0 | D:1      | 0 ||| qw: Plans: Normal
     0 | D:1      | 0 ||| PLANNING D:1-11
    82 | D:1      | 82 ||| INVOKING Spit Poison.
   108 | D:1      | 108 ||| INVOKING Spit Poison.
   112 | D:1      | 112 ||| INVOKING Spit Poison.
   208 | D:1      | 208 ||| INVOKING Spit Poison.
   209 | D:1      | Reached skill level 4 in Ranged Weapons
   209 | D:1      | Reached XP level 2. HP: 26/26 MP: 2/2
   212 | D:1      | 212 ||| INVOKING Spit Poison.
   215 | D:1      | 215 ||| INVOKING Spit Poison.
   218 | D:1      | 218 ||| INVOKING Spit Poison.
   271 | D:1      | 271 ||| INVOKING Spit Poison.
   355 | D:1      | 355 ||| INVOKING Spit Poison.
   359 | D:1      | 359 ||| INVOKING Spit Poison.
   378 | D:1      | 378 ||| INVOKING Spit Poison.
   533 | D:1      | 533 ||| INVOKING Spit Poison.
   698 | D:1      | 698 ||| READING 2 scrolls labelled XISTRU SONUYMI.
   702 | D:1      | 702 ||| READING scroll labelled QUID UNKAFYUS.
   703 | D:1      | 703 ||| DROPPING scroll of butterflies.
   770 | D:2      | 770 ||| INVOKING Spit Poison.
   800 | D:2      | 800 ||| INVOKING Spit Poison.
   801 | D:2      | Reached XP level 3. HP: 32/32 MP: 3/3
   860 | D:2      | 860 ||| INVOKING Spit Poison.
   890 | D:2      | Found a faded altar of an unknown god.
   911 | D:2      | 911 ||| INVOKING Spit Poison.
   914 | D:2      | 914 ||| INVOKING Spit Poison.
  1019 | D:2      | 1019 ||| INVOKING Spit Poison.
  1024 | D:2      | 1024 ||| INVOKING Spit Poison.
  1042 | D:2      | 1042 ||| INVOKING Spit Poison.
  1127 | D:2      | 1127 ||| INVOKING Spit Poison.
  1148 | D:2      | 1148 ||| INVOKING Spit Poison.
  1218 | D:2      | 1218 ||| INVOKING Spit Poison.
  1242 | D:2      | 1242 ||| INVOKING Spit Poison.
  1272 | D:2      | 1272 ||| INVOKING Spit Poison.
  1440 | D:2      | 1440 ||| UPGRADING to +1 hat.
  1445 | D:2      | 1445 ||| UPGRADING to +0 pair of gloves.
  1450 | D:2      | 1450 ||| READING scroll labelled MEKIS XAHODOE.
  1451 | D:2      | 1451 ||| READING scroll labelled BEM VUUCVUE.
  1552 | D:2      | 1552 ||| READING scroll labelled INATSO KU FAR.
  1612 | D:2      | 1612 ||| READING scroll labelled QIPTENUONI.
  1613 | D:2      | 1613 ||| READING 2 scrolls labelled LUAHUN NUPS.
  1614 | D:2      | 1614 ||| DRINKING 3 sapphire potions.
  1615 | D:2      | 1615 ||| DRINKING 2 fuming inky potions.
  1616 | D:2      | 1616 ||| DROPPING 2 potions of brilliance.
  1617 | D:2      | 1617 ||| DROPPING scroll of fear.
  1627 | D:3      | 1627 ||| INVOKING Spit Poison.
  1650 | D:3      | 1650 ||| INVOKING Spit Poison.
  1711 | D:3      | 1711 ||| INVOKING Spit Poison.
  1746 | D:3      | 1746 ||| INVOKING Spit Poison.
  1748 | D:3      | Reached skill level 5 in Ranged Weapons
  1749 | D:3      | 1749 ||| INVOKING Spit Poison.
  1752 | D:3      | Reached XP level 4. HP: 14/40 MP: 4/4
  1753 | D:3      | 1753 ||| INVOKING Spit Poison.
  1753 | D:3      | HP: 7/40 [orc priest/+0 short sword (4)]
  1754 | D:3      | 1754 ||| READING 2 scrolls of teleportation.
  1755 | D:3      | Killed from afar by an orc priest

Levels and vault maps discovered:
D:1:      dpeg_arrival_snail, layout_basic, minmay_misc_feat_tower, st_stairs_2,
          wad_floor_pattern_2
D:2:      layout_loops_cross, dreamdust_ecumenical_altar_drowned_temple
D:3:      layout_basic, nicolae_uskayaw_en_pointe

Skill      XL: |  1  2  3 |
---------------+----------+-----
Ranged Weapons | 4 5 |  5.0
Fighting       | |  2.6
Dodging        | |  1.5
Stealth        | |  1.5

Action                     |  1- 3 |  4- 6 || total
---------------------------+-------+-------++-------
   Fire: Shortbow          |    86 |     2 ||    88
Ability: Spit Poison       |    30 |     1 ||    31
    Use: Scroll            |     7 |     1 ||     8
         Potion            |     2 |       ||     2
 Armour: Leather armour    |     9 |     1 ||    10
  Dodge: Dodged            |    19 |     1 ||    20

Table legend:
 A = Non-vault XP
 B = Vault XP
 C = Vault XP percentage of total XP
 D = Non-vault monster count
 E = Vault monster count
 F = Vault count percentage of total count
                 A         B        C        D         E       F
            +---------+---------+-------+---------+---------+-------
      Total |     116 |       3 |   2.5 |      36 |       3 |   7.7
            +---------+---------+-------+---------+---------+-------
        D:1 |      21 |       2 |   8.7 |      13 |       2 |  13.3
        D:2 |      46 |       1 |   2.1 |      16 |       1 |   5.9
        D:3 |      49 |       0 |   0.0 |       7 |       0 |   0.0
            +---------+---------+-------+---------+---------+-------
